cohdb
Replays
Latest Replays
All Replays
Popular Replays
Top Player Replays
Match Explorer
How It Works
Community
CoH3 Stats
Reddit
Sign in to upload your games and track your stats! →
Sign in with Steam
Match 45159639
Unlisted
Match 45159639
Overview
Messages
Build Orders
End
Construct Section Command Post
Selects Indian Artillery Battlegroup
Infantry Section
Dingo Light Scout Car
ML 3-inch Mortar Team
Construct Platoon Command Post
Humber Armored Car
Selects War Cry
Infantry Section
Infantry Training
Grenade Package
Selects Gurkha Rifles Section
Gurkha Rifles Section
6-pounder Anti-tank Gun Team
Construct Company Command Post
Selects Artillery Saturation
Selects Off-map Airburst Barrage
Construct Field Infirmary
月下秋璇
MrLift
shor
BOOM YOU
♛Prince-Of-Persia♛
Lonewolf42
Meleys
not step back
0
0
Comments
sign in to comment!
No comments posted yet!